Map: Kairos Junction LE

Players

Lambo - Winner!

  • Race: Zerg Zerg
  • League: Master
  • Spawn Location: 5:00

Rail

  • Race: Protoss Protoss
  • League: Grandmaster
  • Spawn Location: 11:00

VOD

Have the link to the VOD?

Description

Time

  • Played on: Jan. 22, 2019, 12:30 p.m.
  • Length: 12:35
Show
View Real Time Build Order
Export as new Build Order

Lambo Zerg - Winner!

Build Orders: Hatch First, Swarm Host 

Get SALT Encoding   

  12  0:01  Drone  
  13  0:13  Overlord  
  13  0:17  Drone  
  14  0:31  Drone x2  
  16  0:48  Hatchery  
  15  0:52  Drone  
  15  0:55  Drone  
  17  0:58  Drone  
  18  1:08  Extractor  
  17  1:16  Spawning Pool  
  17  1:18  Drone  
  17  1:20  Drone  
  18  1:28  Drone  
  19  1:40  Drone  
  20  1:55  Overlord  
  20  2:02  Queen x2  
  20  2:03  Zergling x4  
  26  2:10  Drone  
  26  2:14  Drone  
  28  2:22  Drone x2  
  30  2:36  Hatchery  
  29  2:41  Drone x2  
  31  2:46  Drone  
  31  2:48  Overlord  
  32  2:54  Drone x2  
  34  3:02  Queen  
  36  3:07  Drone x2  
  36  3:10  Drone x2  
  40  3:12  Overlord  
  40  3:15  Drone x2  
  40  3:16  Drone  
  43  3:23  Drone  
  43  3:26  Lair  
  44  3:29  Spore Crawler  
  44  3:30  Drone  
  44  3:31  Drone x2  
  46  3:39  Queen  
  48  3:42  Extractor  
  48  3:44  Roach Warren, Extractor  
  48  3:45  Drone  
  48  3:47  Drone  
  47  3:49  Drone  
  47  3:52  Drone x2  
  50  3:58  Drone  
  50  3:59  Drone  
  50  4:01  Overlord  
  52  4:11  Drone  
  52  4:12  Drone x3  
  52  4:17  Overlord  
  56  4:20  Overlord  
  56  4:22  Overlord  
  56  4:24  Glial Reconstitution  
  56  4:26  Overlord  
  56  4:27  Roach  
  56  4:28  Roach x2  
  56  4:30  Overseer  
  62  4:33  Roach  
  62  4:37  Roach  
  66  4:39  Roach  
  66  4:43  Roach x2  
  66  4:45  Extractor  
  71  4:47  Roach x2  
  73  5:03  Roach x3  
  77  5:10  Roach x4  
  80  5:16  Roach x2  
  80  5:19  Roach  
  80  5:20  Ravager  
  87  5:23  Roach  
  87  5:27  Roach x2  
  93  5:31  Roach  
  93  5:35  Roach  
  97  5:39  Overlord  
  97  5:43  Overlord  
  97  5:47  Overlord  
  97  5:48  Overlord  
  97  5:51  Overlord  
  97  5:59  Roach x3  
  97  6:02  Roach  
  95  6:05  Roach  
  95  6:08  Roach  
  91  6:13  Roach x2  
  91  6:19  Roach  
  91  6:20  Roach  
  91  6:25  Roach x2  
  93  6:32  Roach x3  
  91  6:43  Drone x6  
  95  6:52  Drone x6  
  95  6:55  Drone  
  96  7:05  Drone x3  
  96  7:07  Infestation Pit  
  98  7:09  Extractor  
  98  7:10  Drone  
  98  7:14  Drone  
  98  7:15  Drone x3  
  102  7:17  Drone x2  
  102  7:21  Drone x2  
  106  7:25  Extractor  
  106  7:27  Overlord  
  105  7:34  Metabolic Boost  
  105  7:35  Overlord  
  105  7:36  Overlord  
  105  7:48  Ravager  
  105  7:49  Ravager  
  105  7:50  Swarm Host, Ravager  
  105  7:51  Swarm Host x5  
  111  7:53  Overlord x2  
  111  7:58  Swarm Host  
  126  8:00  Swarm Host  
  132  8:09  Swarm Host  
  132  8:10  Swarm Host  
  138  8:15  Swarm Host  
  138  8:17  Zergling x18  
  150  8:20  Swarm Host  
  150  8:24  Swarm Host  
  156  8:29  Swarm Host  
  156  8:33  Swarm Host  
  162  8:38  Swarm Host  
  162  8:39  Overlord  
  162  8:40  Overlord  
  162  8:41  Zergling x8  
  169  8:47  Overlord  
  169  8:48  Ravager  
  169  8:49  Overlord  
  169  8:54  Swarm Host  
  162  8:56  Swarm Host x2  
  162  8:59  Roach  
  167  9:04  Roach x3  
  172  9:15  Roach x7  
  173  9:17  Roach  
  173  9:19  Roach  
  173  9:24  Roach x2  
  175  9:28  Roach x3  
  175  9:31  Roach  
  183  9:37  Roach  
  183  9:38  Roach x2  
  169  9:40  Roach  
  169  9:43  Roach  
  169  9:47  Roach  
  169  9:48  Roach  
  161  9:55  Roach x2  
  161  9:58  Roach  
  156  10:07  Roach x3  
  147  10:16  Roach x3  
  147  10:21  Roach x2  
  157  10:34  Roach x2  
  156  10:40  Roach  
  156  10:42  Ravager x4  
  162  10:44  Roach  
  162  10:48  Roach  
  166  10:54  Roach  
  148  11:00  Roach x5  
  148  11:01  Roach  
  152  11:05  Roach  
  148  11:11  Roach  
  148  11:17  Roach x2  
  146  11:19  Ravager  
  146  11:22  Ravager  
  146  11:25  Roach x2  
  152  11:27  Roach  
  152  11:30  Roach  
  152  11:32  Zergling x2  
  157  11:36  Roach  
  159  11:42  Roach x2  
  154  11:54  Roach x4  
  152  11:56  Roach  
  152  12:00  Roach  
  150  12:04  Roach  
  148  12:08  Ravager  
  148  12:10  Roach x2  
Show
View Real Time Build Order
Export as new Build Order

Rail Protoss 

Build Orders: 1 Gate Expand 

Get SALT Encoding   

  12  0:00  Probe  
  13  0:13  Probe  
  14  0:17  Pylon  
  14  0:24  Probe  
  15  0:32  Probe  
  15  0:38  Gateway  
  15  0:40  Probe  
  16  0:48  Assimilator  
  17  0:51  Probe  
  18  1:03  Probe  
  19  1:23  Nexus  
  19  1:31  Cybernetics Core  
  19  1:33  Probe  
  19  1:38  Assimilator  
  20  1:44  Probe  
  21  1:48  Pylon  
  21  1:53  Probe  
  21  2:01  Probe  
  22  2:07  Stalker  
  25  2:11  Probe  
  26  2:18  Twilight Council  
  26  2:19  Probe  
  26  2:27  Probe  
  27  2:34  Adept  
  27  2:35  Resonating Glaives, Probe  
  29  2:39  Warp Gate  
  29  2:41  Probe  
  32  2:49  Gateway  
  32  2:53  Probe  
  33  3:01  Probe  
  33  3:05  Gateway  
  34  3:07  Probe  
  34  3:09  Adept  
  37  3:14  Probe  
  37  3:19  Pylon  
  38  3:20  Probe  
  38  3:25  Shield Battery  
  39  3:27  Probe  
  39  3:32  Probe  
  41  3:36  Adept  
  41  3:39  Probe  
  41  3:40  Pylon  
  44  3:44  Probe  
  45  3:51  Probe  
  46  3:56  Pylon  
  46  3:59  Nexus  
  46  4:03  Probe x2  
  48  4:14  Robotics Facility  
  48  4:16  Robotics Facility  
  48  4:19  Probe  
  48  4:21  Assimilator  
  50  4:27  Adept x2  
  50  4:29  Adept  
  55  4:31  Probe  
  55  4:35  Shield Battery  
  55  4:37  Pylon  
  56  4:41  Assimilator  
  56  4:43  Probe x2  
  58  4:49  Sentry x2  
  58  4:51  Pylon  
  62  4:55  Immortal  
  62  5:05  Immortal  
  58  5:19  Probe  
  58  5:20  Probe  
  64  5:22  Gateway, Warp Prism  
  64  5:24  Shield Battery  
  64  5:27  Robotics Bay  
  64  5:34  Adept  
  68  5:39  Adept  
  68  5:40  Immortal, Adept  
  76  5:51  Probe  
  71  6:08  Adept x2  
  71  6:09  Adept  
  71  6:10  Immortal  
  73  6:12  Probe  
  73  6:13  Probe  
  75  6:21  Immortal  
  71  6:26  Adept  
  71  6:31  Adept  
  71  6:32  Adept x2  
  75  6:40  Immortal  
  71  6:47  Immortal  
  71  6:53  Adept x3  
  79  6:55  Adept  
  79  7:01  Probe x2  
  84  7:07  Probe  
  86  7:12  Observer  
  86  7:13  Probe  
  86  7:14  Pylon, Zealot  
  86  7:15  Adept, Forge, Sentry  
  93  7:20  Probe  
  93  7:22  Stalker  
  97  7:23  Disruptor  
  97  7:32  Immortal, Probe x2  
  97  7:33  Pylon  
  102  7:37  Pylon  
  102  7:39  Probe  
  102  7:41  Pylon  
  102  7:44  Probe  
  108  7:45  Protoss Ground Weapons Level 1  
  108  7:47  Assimilator  
  108  7:49  Probe  
  109  7:52  Photon Cannon  
  109  7:53  Pylon  
  109  7:56  Probe  
  110  8:02  Gateway  
  110  8:03  Gateway  
  110  8:07  Adept, Sentry  
  110  8:08  Adept  
  110  8:10  Adept  
  118  8:15  Photon Cannon  
  118  8:17  Assimilator  
  118  8:23  Immortal  
  118  8:26  Pylon  
  122  8:32  Stalker, Sentry  
  126  8:35  Adept  
  126  8:37  Adept  
  130  8:44  Pylon  
  130  8:47  Pylon  
  130  8:48  Pylon  
  130  8:57  Immortal  
  130  8:59  Adept  
  130  9:00  Adept x2  
  130  9:01  Adept x2  
  144  9:02  Adept  
  122  9:22  Adept x5  
  134  9:24  Immortal  
  134  9:25  Adept  
  131  9:42  Immortal  
  131  9:44  Adept x4  
  131  9:45  Adept  
  143  9:47  Adept  
  121  10:03  Disruptor  
  114  10:13  Adept x2  
  114  10:14  Adept x4  
  118  10:18  Protoss Ground Weapons Level 2  
  118  10:21  Colossus  
  128  10:31  Blink  
  128  10:43  Adept, Sentry  
  128  10:44  Adept x3  
  128  10:49  Nexus  
  100  11:04  Immortal  
  94  11:16  Stalker x5, Sentry  
  96  11:19  Pylon  
  96  11:22  Immortal  
  100  11:32  Gateway x2  
  100  11:42  Sentry x3  
  88  11:57  Adept x3  
  84  12:07  Stalker x2, Sentry  
  98  12:11  Probe x2  
  88  12:25  Sentry  
  88  12:26  Stalker, Adept  
Tags
 
Add a new tag
Caveats
  • Supply blocks, unpowered buildings, or Contaminate may cause inaccurate times.
  • Supply counts are checked every 10 seconds.